 Dungeon Crawl Stone Soup version bcrawl-1.31 (webtiles) character file.

Game seed: 17000261169610883959

141149 Grimdewalt the Covered (level 5, -7/33 HPs)
             Began as a Gargoyle Fighter on Mar 30, 2021.
             Was an Initiate of Okawaru.
             Mangled by a bullfrog (9 damage)
             ... on level 3 of the Dungeon.
             The game lasted 00:04:29 (2242 turns).

Grimdewalt the Covered (Gargoyle Fighter)           Turns: 2242, Time: 00:04:29

Health: -7/33      AC: 11    Str: 21    XL:     5   Next: 13%
Magic:  14/14      EV:  5    Int:  8    God:    Okawaru [......]
Gold:   147        SH:  9    Dex:  9    Spells: 4/4 levels left

rFire    . . .     SeeInvis .   a - +0 war axe
rCold    . . .     Gourm    .   c - +0 medium shield
rNeg     + . .     Faith    .   b - +0 scale mail
rPois    ∞         Spirit   .   (no helmet)
rElec    +         Reflect  .   (no cloak)
rCorr    .         Harm     .   (no gloves)
MR       +....                  (no boots)
Stlth    ..........             k - amulet of regeneration
HPRegen  0.53/turn              m - ring of magical power
MPRegen  0.14/turn              q - ring of protection from magic

@: no status effects
A: negative energy resistance 1, electricity resistance, unbreathing,
petrification resistance, rot immunity, AC +4
a: Renounce Religion


You were on level 3 of the Dungeon.
You worshipped Okawaru.
Okawaru was noncommittal.
You were hungry.

You visited 1 branch of the dungeon, and saw 3 of its levels.

You collected 147 gold pieces.

Inventory:

Hand Weapons
 a - a +0 war axe (weapon)
Missiles
 n - 82 poisoned needles
Armour
 b - a +0 scale mail (worn)
 c - a +0 medium shield (worn)
 u - a +0 helmet
 v - a +0 plate armour
 x - a +0 helmet
Jewellery
 k - an amulet of regeneration (around neck)
 m - a ring of magical power (left hand)
 q - a ring of protection from magic (right hand)
 s - an uncursed amulet of the acrobat
Scrolls
 f - 3 scrolls of teleportation {unknown}
 g - a scroll of blinking {unknown}
 i - 4 scrolls of identify {@r1}
 l - 5 scrolls of remove curse {unknown}
 o - a scroll of fog {unknown}
 p - a scroll of enchant armour {unknown}
 r - 2 scrolls of amnesia {unknown}
Potions
 d - a potion of might
 h - a potion of mutation {unknown}
 j - a potion of agility {unknown}
 t - 2 potions of heal wounds {unknown}
Comestibles
 e - a ration {!d}


   Skills:
 + Level 4.1 Fighting
 + Level 2.8 Axes
 + Level 4.2 Armour
 + Level 4.1 Shields


You had 4 spell levels left.
You didn't know any spells.
Your spell library was empty.

Dungeon Overview and Level Annotations

Branches:
Dungeon (3/12)

Altars:
Ashenzari
Kikubaaqudgha
Lugonu
Nemelex Xobeh
Okawaru
Qazlal
Xom


Innate Abilities, Weirdness & Mutations

You are resistant to torment.
Your stone body is resilient. (AC +4)
You are immune to poison.
You resist negative energy. (rN+)
You are resistant to electric shocks. (rElec)
You can survive without breathing.
You are immune to petrification.
You are immune to rotting.


Message History

You block the bullfrog's attack.
The bullfrog hits you but does no damage.
You closely miss the bullfrog.
The bullfrog is lightly wounded.
The bullfrog hits you but does no damage.
The bullfrog hits you.
You are too injured to fight recklessly!
You are too injured to fight recklessly!
You are too injured to fight recklessly!
Your shield and scale mail prevent you from hitting the bullfrog.
The bullfrog is lightly wounded.
The bullfrog hits you but does no damage.
The bullfrog hits you.
The bullfrog hits you but does no damage.
You barely miss the bullfrog.
The bullfrog is lightly wounded.
The bullfrog hits you.
The bullfrog hits you but does no damage.
You closely miss the bullfrog.
The bullfrog is lightly wounded.
You block the bullfrog's attack. The bullfrog hits you.
* * * LOW HITPOINT WARNING * * *
You block the bullfrog's attack.
The bullfrog hits you but does no damage.
Really walk into that teleport trap? [Y]es or [N]o only, please.
Really walk into that teleport trap?
You enter a teleport trap!
The teleport trap disappears.
Your surroundings suddenly seem different.
The bullfrog is too close now for your liking.
The bullfrog is too close now for your liking.
You are too injured to fight recklessly!
You are too injured to fight recklessly!
Your shield and scale mail prevent you from hitting the bullfrog.
The bullfrog is lightly wounded.
The bullfrog closely misses you. The bullfrog hits you.
Your shield prevents you from hitting the bullfrog.
The bullfrog is lightly wounded.
You block the bullfrog's attack. x2
You miss the bullfrog. The bullfrog barely misses you. x2
You hit the bullfrog.
The bullfrog is moderately wounded.
You block the bullfrog's attack. The bullfrog hits you!
* * * LOW HITPOINT WARNING * * *
The bullfrog hits you!
* * * LOW HITPOINT WARNING * * *
You slash the bullfrog!
The bullfrog is almost dead.
The bullfrog hits you!
You die...

.##.....##.# ##.##.###'#######
.#####..##.######.##.###.# )#
#..#.........##.#...#
######).####..##..##.#.#.#
#..............<...#...########
#.#####[#.##.......####........
#.#####.#..........###....#####
#.......#..........##......#
#########.#.#...@..##...#..#
.....####........F......#.....
##.......##.##.[.#.###..##.###
##.......##......#......##.#
##.......###.###.##.#...##.#
##.......# #.# #........##)#
####+##### #.# ####..#.....# #
.# #.# #.# #...F###.#.# .###.#
#.######..#.......#


You could see a bullfrog.

Vanquished Creatures
  Jessica (D:3)
  Robin (D:3)
  An adder (D:3)
  3 worms
  3 dart slugs
  4 leopard geckos
  4 bats
  5 giant cockroaches
  13 goblins
  10 hobgoblins
  A jackal (D:3)
  A quokka (D:2)
  A frilled lizard (D:1)
  6 kobolds
  5 rats
59 creatures vanquished.

Notes
Turn   | Place    | Note
-------+----------+-------------------------------------------
     0 | D:1      | Grimdewalt the Gargoyle Fighter began the quest for the
                  | Orb.
     0 | D:1      | Reached XP level 1. HP: 14/14 MP: 1/1
   320 | D:1      | Reached XP level 2. HP: 19/19 MP: 2/2
   497 | D:1      | Reached XP level 3. HP: 16/23 MP: 3/3
   787 | D:1      | Found an iron altar of Okawaru.
   927 | D:1      | Became a worshipper of Warmaster Okawaru
  1231 | D:2      | Reached XP level 4. HP: 29/29 MP: 4/4
  1236 | D:2      | Found an ancient bone altar of Kikubaaqudgha.
  1243 | D:2      | Found a shattered altar of Ashenzari.
  1245 | D:2      | Found a sparkling altar of Nemelex Xobeh.
  1283 | D:2      | Found a faded altar of an unknown god.
  1866 | D:3      | Found a shimmering altar of Xom.
  1960 | D:3      | Noticed Robin
  1995 | D:3      | Killed Robin
  2028 | D:3      | Noticed Jessica
  2029 | D:3      | Killed Jessica
  2030 | D:3      | Reached XP level 5. HP: 33/33 MP: 5/5
  2044 | D:3      | Found a corrupted altar of Lugonu.
  2054 | D:3      | Found a stormy altar of Qazlal.
  2209 | D:3      | Noticed a bullfrog
  2241 | D:3      | HP: 1/33 [bullfrog (7)]
  2242 | D:3      | Mangled by a bullfrog

Skill      XL: |  1  2  3  4 |
---------------+-------------+-----
Axes           | 2 |  2.8
Armour         | 4 |  4.2
Shields        | 4 |  4.1
Fighting       | 4 |  4.1

Action                   |  1- 3 |  4- 6 || total
-------------------------+-------+-------++-------
Melee: War axe           |   120 |    88 ||   208
  Eat: Chunk             |     5 |     3 ||     8
       Ration            |       |     1 ||     1
Armor: Scale mail        |    66 |    42 ||   108
Dodge: Dodged            |    23 |    22 ||    45
Block: Medium shield     |    59 |    64 ||   123
